 Dungeon Sprint DCSS version 0.20-a0-1122-gb7cbeb9 (webtiles) character file.

14395 potatolord6000 the Warrior (level 12, -5/175 HPs)
             Began as an Ogre Fighter on May 11, 2017.
             Slain by an orc high priest
             ... wielding a +0 dire flail
              (8 damage)
             ... in the Dungeon (Sprint IX: "|||||||||||||||||||||||||||||").
             The game lasted 00:09:12 (2068 turns).

potatolord6000 the Warrior (Ogre Fighter)           Turns: 2068, Time: 00:09:13

Health: -5/175     AC: 15    Str: 35    XL:     12   Next: 16%
Magic:  12/12      EV: 19    Int:  4    God:
Gold:   1107       SH: 14    Dex: 13    Spells: 11/11 levels left

rFire    . . .     SeeInvis +   o - +2 morningstar (protect)
rCold    + . .     Gourm    .   c - +0 shield
rNeg     . . .     Faith    .   q - +2 steam dragon scales
rPois    .         Spirit   .   (helmet restricted)
rElec    .         Reflect  .   (no cloak)
rCorr    .         Harm     .   (gloves unavailable)
MR       +....     NoTele   +   (boots unavailable)
Stlth    +.........             (no amulet)
Regen    0.4/turn               a - +3 ring of strength
MPRegen  0.2/turn               p - +3 ring of strength

@: protection aura
A: unfitting armour, beak, hooves 2, horns 1, rugged brown scales 2, see
invisible, cold resistance 1, robust 1, strong 1, tough skin 1, eyeballs 1,
gelatinous body 1, pseudopods 1, jelly absorbing missiles
a: no special abilities


You were in the Dungeon.
You were very full.

You visited 1 branch You collected 1107 gold pieces.

Inventory:

Hand Weapons
 o - a +2 morningstar of protection (weapon)
Armour
 c - a +0 shield (worn)
 q - +2 steam dragon scales (worn)
Jewellery
 a - a +3 ring of strength (left hand)
 p - a +3 ring of strength (right hand)
Wands
 n - a wand of iceblast (7/15)
Scrolls
 b - 2 scrolls of identify
 l - 3 scrolls of remove curse
 m - 2 scrolls of amnesia
 r - a scroll of fear
Potions
 e - 4 potions of curing
 i - 4 potions of magic
 j - a potion of brilliance {unknown}
Comestibles
 f - 13 bread rations
 g - 40 fruits
 h - 11 meat rations


   Skills:
 + Level 18.8 Fighting
 + Level 13.9 Maces & Flails
 + Level 14.0 Dodging
 + Level 13.9 Shields


You had 11 spell levels left.
You didn't know any spells.

Dungeon Overview and Level Annotations

Branches:
Dungeon (1/1)

Altars:
Cheibriados
Dithmenos
Elyvilon
Fedhas
Gozag
Hepliaklqana
Kikubaaqudgha
Makhleb
Nemelex Xobeh
Okawaru
Qazlal
Ru
Sif Muna
Trog
Uskayaw
Vehumet
Wu Jian
Xom
Yredelemnul
Zin
The Shining One
Beogh
Jiyva
Lugonu

Shops:
D =[*


Innate Abilities, Weirdness & Mutations

You are too large for most types of armour.
You have tough skin. (AC +1)
You have a beak for a mouth.
You have hoof-like feet.
You have a pair of small horns on your head.
You are mostly covered in rugged brown scales. (AC +2, +5% HP)
You have supernaturally acute eyesight. (SInv)
Your flesh is cold resistant. (rC+)
You are robust. (+10% HP)
Your muscles are strong. (Str +2)
Your body has grown golden eyes which may confuse attackers. (Acc +3)
Your rubbery body absorbs attacks. (AC +1, EV +1)
Armour fits poorly on your pseudopods.
You have a small jelly attached to you that may absorb incoming projectiles.


Message History

The orc high priest mumbles some strange prayers to Beogh against you.
Beogh smites you!
* * * LOW HITPOINT WARNING * * *
The soul eater draws from the surrounding life force!
* * * LOW HITPOINT WARNING * * *
You hit the orc high priest but do no damage.
You kick the orc high priest, but do no damage.
You peck the orc high priest, but do no damage.
Your bludgeon misses the orc high priest.
You block the orc high priest's attack.
The ynoxinul gestures.
You barely miss the orc high priest.
You kick the orc high priest, but do no damage.
You headbutt the orc high priest, but do no damage.
You peck the orc high priest.
You bludgeon the orc high priest, but do no damage.
The orc high priest is lightly wounded.
The neqoxec gestures.
The orc high priest hits you with a dire flail!
You die...

.J.J....'.........'______________
▓▓▓▓▓▓▓▓▓▓▓▓▓▓▓▓▓▓▓▓▓▓▓▓▓▓▓▓▓▓▓▓▓
.................................
▓▓▓▓▓▓▓▓▓▓▓▓▓▓▓▓▓▓▓▓▓▓▓▓▓▓▓▓▓▓▓▓▓
[[[..'............'........†'....
▓▓▓▓▓▓▓▓▓▓▓▓▓▓▓▓▓▓▓▓▓▓▓▓▓▓▓▓▓▓▓▓▓
.....)[.................)........
▓▓▓▓▓▓▓▓▓▓▓▓▓▓▓▓▓▓▓▓▓▓▓▓▓▓▓▓▓▓▓▓▓
+∆∆∆∆∆∩∆55333oo@))'....[))[)[))'
*** * ▓▓▓▓▓▓▓▓▓▓▓▓▓▓▓▓▓▓▓▓▓▓▓▓ ,
,, , , , * ** * * , , ∆∆∆∆ ∆∆∆∆
∆∆∆∆∆ * * * , , *


You could see a soul eater, 2 orc high priests, a neqoxec, a ynoxinul and 2
ufetubi.

Vanquished Creatures
  Josephine (D)
  Erolcha (D)
  A hydra (D)
  A catoblepas (D)
  3 death yaks (D)
  4 orc high priests (D)
  3 orc knights (D)
  2 orc sorcerers (D)
  An elephant (D)
  A spiny frog (D)
  A komodo dragon (D)
  A hippogriff (D)
  A shadow (D)
  5 wraiths (D)
  A tarantella (shapeshifter) (D)
  7 yaks (D)
  3 basilisks (D)
  A steam dragon (D)
  2 porcupines (D)
  2 water moccasins (D)
  9 orc warriors (D)
  2 big kobolds (D)
  A crocodile (D)
  A bullfrog (D)
  A hound (D)
  6 orc priests (D)
  A jelly (D)
  5 orc wizards (D)
  A hell rat (D)
  An adder (D)
  A shadow imp (D)
  An adder skeleton (D)
  A worm (D)
  4 orcs (D)
  A bat zombie (D)
  A goblin (D)
  2 bats (D)
  A frilled lizard (D)
  A rat (D)
83 creatures vanquished.

Vanquished Creatures (others)
  An eye of draining (D)
  A crimson imp (D)
  6 jellies (D)
8 creatures vanquished.

Grand Total: 91 creatures vanquished

Notes
Turn   | Place    | Note
-------+----------+-------------------------------------------
     0 | D        | potatolord6000 the Ogre Fighter began the quest for the Orb.
     0 | D        | Reached XP level 1. HP: 24/24 MP: 1/1
    21 | D        | Noticed a jelly
    21 | D        | Noticed a hound
    24 | D        | Reached XP level 2. HP: 28/33 MP: 2/2
    35 | D        | Reached skill level 5 in Fighting
    35 | D        | Reached XP level 3. HP: 30/44 MP: 3/3
    40 | D        | Reached skill level 6 in Fighting
    40 | D        | Reached XP level 4. HP: 31/53 MP: 4/4
    51 | D        | Found a roughly hewn altar of Beogh.
    51 | D        | Found a snail-covered altar of Cheibriados.
    51 | D        | Found a shadowy altar of Dithmenos.
    51 | D        | Found a white marble altar of Elyvilon.
    51 | D        | Found a blossoming altar of Fedhas.
    51 | D        | Found an opulent altar of Gozag.
    52 | D        | Found a hazy altar of Hepliaklqana.
    53 | D        | Found a viscous altar of Jiyva.
    54 | D        | Found an ancient bone altar of Kikubaaqudgha.
    55 | D        | Found a corrupted altar of Lugonu.
    56 | D        | Found a burning altar of Makhleb.
    57 | D        | Found a sparkling altar of Nemelex Xobeh.
    58 | D        | Found an iron altar of Okawaru.
    59 | D        | Found a stormy altar of Qazlal.
    60 | D        | Found a sacrificial altar of Ru.
    61 | D        | Became a worshipper of Jiyva Jeexkevu the Shapeless
    62 | D        | Found a deep blue altar of Sif Muna.
    63 | D        | Found a bloodstained altar of Trog.
    64 | D        | Found a hide-covered altar of Uskayaw.
    89 | D        | Reached * piety under Jiyva
    93 | D        | Reached ** piety under Jiyva
   211 | D        | Found a radiant altar of Vehumet.
   212 | D        | Found an ornate altar of the Wu Jian Council.
   213 | D        | Found a shimmering altar of Xom.
   214 | D        | Found a basalt altar of Yredelemnul.
   215 | D        | Found a glowing silver altar of Zin.
   216 | D        | Found a glowing golden altar of the Shining One.
   245 | D        | Noticed a big kobold
   248 | D        | Reached *** piety under Jiyva
   248 | D        | Gained mutation: Your natural rate of healing is unusually fast. [Jiyva's grace]
   253 | D        | Reached **** piety under Jiyva
   254 | D        | Killed a big kobold
   254 | D        | Reached skill level 7 in Fighting
   254 | D        | Reached skill level 5 in Maces & Flails
   254 | D        | Reached skill level 5 in Dodging
   254 | D        | Reached skill level 5 in Shields
   254 | D        | Reached XP level 5. HP: 40/63 MP: 5/5
   256 | D        | Gained mutation: You are agile. (Dex +2) [Jiyva's grace]
   256 | D        | Reached ***** piety under Jiyva
   257 | D        | Lost mutation: Your natural rate of healing is unusually fast. [Jiyva's grace]
   258 | D        | Gained mutation: Your flesh is cold resistant. (rC+) [Jiyva's grace]
   258 | D        | Lost mutation: Your flesh is cold resistant. (rC+) [Jiyva's grace]
   258 | D        | Reached ****** piety under Jiyva
   258 | D        | Gained mutation: You are partially covered in slimy green scales. (AC +2) [Jiyva's grace]
   266 | D        | Reached skill level 8 in Fighting
   273 | D        | Noticed a shadow
   273 | D        | Noticed a steam dragon
   273 | D        | Noticed a tarantella
   273 | D        | Noticed a big kobold
   273 | D        | Noticed an eye of draining
   286 | D        | Gained mutation: You have acidic saliva. [Jiyva's grace]
   287 | D        | Killed a big kobold
   287 | D        | Reached skill level 9 in Fighting
   287 | D        | Reached XP level 6. HP: 50/75 MP: 6/6
   288 | D        | Gained mutation: You are covered in slimy tendrils that may disarm your opponents. [Jiyva's grace]
   290 | D        | Killed a tarantella
   290 | D        | Reached skill level 10 in Fighting
   297 | D        | Killed an eye of draining
   298 | D        | Killed a steam dragon
   298 | D        | Reached XP level 7. HP: 25/87 MP: 7/7
   302 | D        | Killed a shadow
   302 | D        | Reached skill level 11 in Fighting
   506 | D        | Gained mutation: Your natural rate of healing is unusually fast. [Jiyva's grace]
   595 | D        | Lost mutation: Your natural rate of healing is unusually fast. [potion of mutation]
   595 | D        | Lost mutation: You have acidic saliva. [potion of mutation]
   595 | D        | Lost mutation: You are covered in slimy tendrils that may disarm your opponents. [potion of mutation]
   595 | D        | Lost mutation: You are agile. (Dex +2) [potion of mutation]
   595 | D        | Lost mutation: You are partially covered in slimy green scales. (AC +2) [potion of mutation]
   595 | D        | Gained mutation: Armour fits poorly on your strangely shaped body. [potion of mutation]
   595 | D        | Gained mutation: You are robust. (+10% HP) [potion of mutation]
   595 | D        | Gained mutation: Your muscles are strong. (Str +2) [potion of mutation]
   598 | D        | Lost mutation: You are robust. (+10% HP) [potion of mutation]
   598 | D        | Lost mutation: Armour fits poorly on your strangely shaped body. [potion of mutation]
   598 | D        | Lost mutation: Your muscles are strong. (Str +2) [potion of mutation]
   598 | D        | Gained mutation: Your magical capacity is low. (-10% MP) [potion of mutation]
   598 | D        | Gained mutation: You passively map a small area around you. [potion of mutation]
   599 | D        | Lost mutation: Your magical capacity is low. (-10% MP) [Jiyva's power]
   629 | D        | Gained mutation: You are partially covered in rugged brown scales. (AC +1, +3% HP) [Jiyva's grace]
   629 | D        | Gained mutation: You have a small jelly attached to you that may absorb incoming projectiles. [Jiyva's grace]
   632 | D        | Noticed a five-headed hydra
   632 | D        | Noticed a basilisk
   632 | D        | Noticed a yak
   635 | D        | Noticed a basilisk
   635 | D        | Noticed a basilisk
   641 | D        | Killed a five-headed hydra
   641 | D        | Reached skill level 12 in Fighting
   641 | D        | Reached XP level 8. HP: 79/104 MP: 8/8
   646 | D        | Killed a yak
   650 | D        | Reached skill level 13 in Fighting
   650 | D        | Reached XP level 9. HP: 75/113 MP: 9/9
   650 | D        | Gained mutation: Your muscles are strong. (Str +2) [Jiyva's grace]
   673 | D        | Reached skill level 10 in Dodging
   684 | D        | Reached skill level 10 in Shields
   692 | D        | Gained mutation: You have supernaturally acute eyesight. (SInv) [Jiyva's grace]
   692 | D        | Gained mutation: Your spells are a little harder to cast, but a little more powerful. [Jiyva's grace]
   692 | D        | Gained mutation: You have large cloven feet. [Jiyva's grace]
   698 | D        | Noticed a komodo dragon
   704 | D        | Noticed a spiny frog
   706 | D        | Reached skill level 10 in Maces & Flails
   709 | D        | Reached skill level 14 in Fighting
   712 | D        | Noticed an elephant
   715 | D        | Killed a komodo dragon
   725 | D        | Killed a spiny frog
   725 | D        | Reached XP level 10. HP: 36/126 MP: 10/10
   734 | D        | Killed an elephant
   862 | D        | Gained mutation: You are resistant to electric shocks. (rElec) [Jiyva's grace]
   862 | D        | Gained mutation: You are robust. (+10% HP) [Jiyva's grace]
   862 | D        | Lost mutation: You have a small jelly attached to you that may absorb incoming projectiles. [Jiyva's grace]
   988 | D        | Noticed a death yak
   988 | D        | Noticed a death yak
   988 | D        | Noticed a catoblepas
   988 | D        | Noticed a death yak
  1006 | D        | Killed a death yak
  1006 | D        | Reached skill level 15 in Fighting
  1117 | D        | Gained mutation: Armour fits poorly on your pseudopods. [Jiyva's grace]
  1248 | D        | Killed a catoblepas
  1254 | D        | Killed a death yak
  1261 | D        | Killed a death yak
  1261 | D        | Reached skill level 16 in Fighting
  1266 | D        | Reached XP level 11. HP: 103/153 MP: 11/11
  1311 | D        | Gained mutation: Your rubbery body absorbs attacks. (AC +1, EV +1) [Jiyva's grace]
  1311 | D        | Lost mutation: Your rubbery body absorbs attacks. (AC +1, EV +1) [Jiyva's grace]
  1311 | D        | Gained mutation: Your rubbery body absorbs attacks. (AC +1, EV +1) [Jiyva's grace]
  1313 | D        | Gained mutation: You have a somewhat thin skeletal structure. (Dex +2, Stealth) [Jiyva's grace]
  1416 | D        | Lost mutation: You have a somewhat thin skeletal structure. (Dex +2, Stealth) [Jiyva's grace]
  1418 | D        | Gained mutation: You have a small jelly attached to you that senses nearby items. [Jiyva's grace]
  1420 | D        | Lost mutation: Your spells are a little harder to cast, but a little more powerful. [Jiyva's grace]
  1423 | D        | Gained mutation: You have very sharp teeth. [Jiyva's grace]
  1428 | D        | Gained mutation: You have a somewhat thin skeletal structure. (Dex +2, Stealth) [Jiyva's grace]
  1429 | D        | Gained mutation: Your body has grown golden eyes which may confuse attackers. (Acc +3) [Jiyva's grace]
  1432 | D        | Gained mutation: Your mind is acute. (Int +2) [Jiyva's grace]
  1438 | D        | Lost mutation: You are resistant to electric shocks. (rElec) [Jiyva's grace]
  1440 | D        | Gained mutation: You are somewhat resistant to further mutation. [Jiyva's grace]
  1444 | D        | Lost mutation: You have a somewhat thin skeletal structure. (Dex +2, Stealth) [Jiyva's grace]
  1450 | D        | Gained mutation: You possess an exceptional clarity of mind. [Jiyva's grace]
  1452 | D        | Lost mutation: You passively map a small area around you. [Jiyva's grace]
  1454 | D        | Gained mutation: You are mostly covered in rugged brown scales. (AC +2, +5% HP) [Jiyva's grace]
  1454 | D        | Lost mutation: You are somewhat resistant to further mutation. [Jiyva's grace]
  1456 | D        | Lost mutation: You have very sharp teeth. [Jiyva's grace]
  1456 | D        | Gained mutation: You have a beak for a mouth. [Jiyva's grace]
  1457 | D        | Lost mutation: Your mind is acute. (Int +2) [Jiyva's grace]
  1457 | D        | Lost mutation: Armour fits poorly on your pseudopods. [Jiyva's grace]
  1459 | D        | Lost mutation: You are mostly covered in rugged brown scales. (AC +2, +5% HP) [Jiyva's grace]
  1463 | D        | Gained mutation: You evolve. [Jiyva's grace]
  1466 | D        | Noticed Josephine
  1467 | D        | Gained mutation: You are covered in slimy tendrils that may disarm your opponents. [Jiyva's grace]
  1467 | D        | Gained mutation: You have a pair of small horns on your head. [Jiyva's grace]
  1474 | D        | Killed Josephine
  1486 | D        | Reached skill level 17 in Fighting
  1492 | D        | Lost mutation: You possess an exceptional clarity of mind. [Jiyva's grace]
  1507 | D        | Noticed Erolcha
  1516 | D        | Killed Erolcha
  1576 | D        | Noticed an orc sorcerer
  1595 | D        | Killed an orc sorcerer
  1661 | D        | Noticed an orc knight
  1661 | D        | Noticed an orc sorcerer
  1664 | D        | Killed an orc sorcerer
  1670 | D        | Killed an orc knight
  1671 | D        | Noticed an orc high priest
  1676 | D        | Noticed an orc knight
  1685 | D        | Noticed an orc knight
  1703 | D        | Killed an orc high priest
  1703 | D        | Reached skill level 18 in Fighting
  1709 | D        | Killed an orc knight
  1713 | D        | Killed an orc knight
  1805 | D        | Lost mutation: You have a small jelly attached to you that senses nearby items. [Jiyva's grace]
  1805 | D        | Lost mutation: You are covered in slimy tendrils that may disarm your opponents. [Jiyva's grace]
  1806 | D        | Lost mutation: You evolve. [Jiyva's grace]
  1809 | D        | Gained mutation: You tend to lose your temper in combat. [Jiyva's grace]
  1812 | D        | Gained mutation: You have hoof-like feet. [Jiyva's grace]
  1813 | D        | Gained mutation: Armour fits poorly on your pseudopods. [Jiyva's grace]
  1814 | D        | Gained mutation: You are mostly covered in rugged brown scales. (AC +2, +5% HP) [Jiyva's grace]
  1819 | D        | Gained mutation: You have a small jelly attached to you that may absorb incoming projectiles. [Jiyva's grace]
  1819 | D        | Lost mutation: You tend to lose your temper in combat. [Jiyva's grace]
  1825 | D        | Gained mutation: Your flesh is cold resistant. (rC+) [Jiyva's grace]
  1827 | D        | Fell from the grace of Jiyva
  2035 | D        | Found Kathrayri's Assorted Antiques.
  2035 | D        | Noticed an orc high priest
  2035 | D        | Noticed an orc high priest
  2035 | D        | Noticed an orc high priest
  2039 | D        | Noticed an orc high priest
  2045 | D        | Killed an orc high priest
  2045 | D        | Reached XP level 12. HP: 103/174 MP: 12/12
  2052 | D        | Killed an orc high priest
  2053 | D        | Found Kodd's Antique Armour Shop.
  2053 | D        | Noticed an orc high priest
  2055 | D        | Killed an orc high priest
  2059 | D        | Noticed a soul eater
  2062 | D        | Found Cisuixt's Jewellery Boutique.
  2066 | D        | HP: 2/175 [soul eater/drain life[an orc high priest] (12)]
  2068 | D        | Slain by an orc high priest

Vault maps used:
D:        linesprint

Skill      XL: |  1  2  3  4  5  6  7  8  9 10 11 12 |
---------------+-------------------------------------+-----
Maces & Flails | 2 3 5 6 7 9 10 12 13 | 13.9
Dodging        | 3 4 5 6 7 9 10 12 13 14 | 14.0
Shields        | 3 4 5 6 7 9 10 12 13 | 13.9
Fighting       | 5 6 7 9 10 12 13 14 16 18 | 18.8

Action                   |  1- 3 |  4- 6 |  7- 9 | 10-12 || total
-------------------------+-------+-------+-------+-------++-------
Melee: Flail             |    28 |     4 |       |       ||    32
       Morningstar       |       |    44 |    73 |   195 ||   312
       Bite              |       |     2 |     1 |       ||     3
       Kick              |       |       |    13 |   104 ||   117
       Pseudopods        |       |       |       |    18 ||    18
       Peck              |       |       |       |    50 ||    50
       Headbutt          |       |       |       |    47 ||    47
Invok: Request Jelly     |       |       |     1 |       ||     1
       Cure Bad Mutation |       |       |     1 |       ||     1
       Renounce Religion |       |       |       |     1 ||     1
  Use: Potion            |     2 |       |     2 |    10 ||    14
       Scroll            |       |       |     2 |     3 ||     5
 Stab: Petrified         |       |       |       |     3 ||     3
       Invisible         |       |       |       |     5 ||     5
       Distracted        |       |       |       |     1 ||     1
  Eat: Meat ration       |       |       |       |     1 ||     1
Armor: Robe              |     9 |    18 |     1 |       ||    28
       Steam dragon scal |       |       |    24 |    31 ||    55
Dodge: Dodged            |     9 |    20 |    26 |    49 ||   104
Block: Shield            |    14 |    21 |    43 |    70 ||   148
